 Dungeon Crawl Stone Soup version 0.22.0-13-g43fe8f2 (webtiles) character file.

2534 HaroldButt the Destroyer (level 9, -2/45 HPs)
             Began as a Deep Elf Ice Elementalist on Aug 16, 2018.
             Was an Initiate of Vehumet.
             Slain by a hog (12 damage)
             ... on level 7 of the Dungeon.
             The game lasted 00:35:02 (7600 turns).

HaroldButt the Destroyer (DEIE)                     Turns: 7600, Time: 00:35:02

Health: -2/45      AC:  6    Str:  7    XL:     9   Next: 30%
Magic:  0/23       EV: 13    Int: 22    God:    Vehumet [......]
Gold:   308        SH:  0    Dex: 15    Spells: 5/24 levels left

rFire    . . .     SeeInvis +   y - +0 dagger (elec)
rCold    + . .     Gourm    .   (no shield)
rNeg     . . .     Faith    .   a - +1 robe
rPois    .         Spirit   .   h - +1 helmet
rElec    .         Reflect  .   s - +0 cloak
rCorr    .         Harm     .   (no gloves)
MR       .....                  (no boots)
Stlth    ++........             (no amulet)
HPRegen  0.15/turn              q - ring of see invisible
MPRegen  0.18/turn              m - ring of protection from cold

@: no status effects
A: no striking features
a: Renounce Religion


You were on level 7 of the Dungeon.
You worshipped Vehumet.
Vehumet was noncommittal.
You were not hungry.

You visited 2 branches of the dungeon, and saw 8 of its levels.

You collected 308 gold pieces.


   Skills:
 - Level 2.4 Dodging
 - Level 2.4 Stealth
 - Level 8.2 Spellcasting
 + Level 8.6 Conjurations
 - Level 6.0 Translocations
 - Level 7.0 Ice Magic


You had 5 spell levels left.
You knew the following spells:

 Your Spells              Type           Power        Failure   Level  Hunger
a - Ozocubu's Armour      Chrm/Ice       ###.....     5%          3    None
b - Blink                 Tloc           N/A          1%          2    None
c - Throw Icicle          Conj/Ice       #####...     3%          4    ###....
v - Summon Ice Beast      Ice/Summ       ###.....     17%         4    ###....
x - Throw Frost           Conj/Ice       #####.       1%          2    None
y - Teleport Other        Tloc           #####...     1%          3    None
z - Freeze                Ice            ####         1%          1    None

Your spell library contained the following spells:

 Spells                   Type           Power        Failure   Level  Hunger
 Fireball                 Conj/Fire      ####......   34%         5    #####..
 Conjure Flame            Conj/Fire      ####....     3%          3    None
 Throw Flame              Conj/Fire      ####..       1%          2    None
 Sticky Flame             Conj/Fire      ####....     12%         4    ###....
 Flame Tongue             Conj/Fire      ####.        1%          1    None
 Passage of Golubria      Tloc           N/A          6%          4    ###....
 Shroud of Golubria       Chrm/Tloc      ###.......   3%          2    None
 Inner Flame              Hex/Fire       #.......     22%         3    None
 Gell's Gravitas          Tloc           #####.....   1%          3    None
 Lesser Beckoning         Tloc           #####.....   1%          3    None

Inventory:

Hand Weapons
 b - a +1 whip of venom
 n - a +2 whip of flaming
 y - a +0 dagger of electrocution (weapon)
Armour
 a - a +1 robe (worn)
 h - a +1 helmet (worn)
 o - a +0 buckler
 s - a +0 cloak (worn)
Magical Staves
 k - an uncursed staff of death
Jewellery
 m - a ring of protection from cold (right hand)
 q - a ring of see invisible (left hand)
Scrolls
 e - 3 scrolls of fog
 g - 2 scrolls of blinking
 j - a scroll of fear
 p - a scroll of amnesia
 u - a scroll of teleportation {@r4}
 w - a scroll of remove curse
 x - a scroll of magic mapping
 A - a scroll of identify {@r1}
Potions
 d - 4 potions of curing {@q1}
 f - a potion of might
 i - a potion of invisibility
 l - 2 potions of berserk rage {!q}
 r - a potion of heal wounds {unknown}
 v - a potion of degeneration {unknown}
 z - a potion of ambrosia {unknown}
Comestibles
 c - 11 rations
 t - 3 chunks of flesh

Dungeon Overview and Level Annotations

Branches:
Dungeon (7/15)             Temple (1/1) D:6

Altars:
Ashenzari
Cheibriados
Dithmenos
Elyvilon
Gozag
Hepliaklqana
Kikubaaqudgha
Makhleb
Qazlal
Ru
Sif Muna
Trog
Uskayaw
Vehumet
Wu Jian
Xom
Yredelemnul
Zin
The Shining One

Shops:
D:5

( ▒........▒.▒▒▒▒▒▒...▒▒▒..▒ ░
▒.▒▒▒▒▒▒▒▒.▒ ▒▒.▒▒ ▒▒.▒ ░
▒.▒..#%%▒..▒ ▒.▒ ▒.▒ ░
▒.▒..#.%▒..▒ ▒.▒ ▒.▒ ░
▒▒▒hhhh.▒.▒▒ ▒.▒ ▒.▒ ░
▒..#p.▒▒▒ ▒.▒ ▒.▒ ░
▒..#..▒▒▒▒▒▒▒▒ ▒.▒ ▒.▒ ░
░░▒▒▒'▒...)h.▒▒▒.▒▒▒▒▒.░ ░
░>▒....▒▒▒▒▒he.........▒ ░
░,▒.▒.▒▒▒▒▒▒▒▒.....▒▒▒.▒░░░░░░
░,▒....................,,,,,,,
░,▒▒▒▒▒▒▒▒▒▒▒▒.....▒▒▒.░░░░░░,
░,,,,,,,..........▒▒ ░,,,,,,,,
░░░░░░░░▒▒▒▒▒▒▒▒▒▒▒ ░░░░░░░░░


You could see 2 hogs.


Message History

Cast which spell? (? or * to list)
Aiming: Freeze (safe; 1% risk of failure)
Press: ? - help, Shift-Dir - straight line, f/p - hog
Aim: a hog (almost dead)
You freeze the hog.
You kill the hog!
Vehumet accepts your kill. The hog bites you!
* * * LOW HITPOINT WARNING * * *
You hit the hog but do no damage. The hog closely misses you.
You hit the hog.
The hog is lightly wounded.
The hog bites you.
* * * LOW HITPOINT WARNING * * *
You closely miss the hog.
The hog is lightly wounded.
The hog bites you.
* * * LOW HITPOINT WARNING * * *
The hog bites you.
* * * LOW HITPOINT WARNING * * *
Cast which spell? (? or * to list)
Aiming: Freeze (safe; 1% risk of failure)
Press: ? - help, Shift-Dir - straight line, f - hog
Aim: a hog (lightly wounded)
You freeze the hog.
The hog is moderately wounded.
The hog closely misses you. The hog bites you!
You die...

Action                   |  1- 3 |  4- 6 |  7- 9 || total
-------------------------+-------+-------+-------++-------
Melee: Whip              |     3 |    51 |    91 ||   145
       Dagger            |       |     7 |     5 ||    12
 Cast: Freeze            |    65 |    26 |    45 ||   136
       Throw Frost       |     1 |    18 |    16 ||    35
       Throw Icicle      |       |     4 |    42 ||    46
  Use: Scroll            |     4 |     8 |     5 ||    17
       Potion            |       |     3 |     1 ||     4
 Stab: Sleeping          |       |     2 |     2 ||     4
  Eat: Chunk             |     1 |     8 |    10 ||    19
       Ration            |       |       |     2 ||     2
Armor: Robe              |     5 |     9 |    21 ||    35
       Skin              |       |       |    12 ||    12
Dodge: Dodged            |    33 |    54 |    85 ||   172

Vault maps used:
D:1:      ncdulo_wetmaze, minmay_misc_feat_tiny
D:2:      hangedman_decor_slide_cut, hangedman_decor_clover_reticule,
          grunt_qazlal_sundering
D:3:      first_ration, uniq_robin
D:4:      grunt_temple_overflow_gold_and_silver, minitemple, uniq_pikel
D:5:      serial_shops, shop, uniq_grinder
D:6:      minmay_temple_entry_junction, makhleb_blood_cavern_becter
D:7:      grunt_livestock, uniq_duvessa
Temple:   nicolae_temple_x_marks_the_god

Notes
Turn   | Place    | Note
-------+----------+-------------------------------------------
     0 | D:1      | HaroldButt the Deep Elf Ice Elementalist began the quest for the Orb.
     0 | D:1      | Reached XP level 1. HP: 10/10 MP: 6/6
   157 | D:1      | Reached skill level 4 in Ice Magic
   157 | D:1      | Reached XP level 2. HP: 9/15 MP: 0/8
   645 | D:1      | Learned a level 2 spell: Throw Frost
   766 | D:1      | Reached XP level 3. HP: 19/19 MP: 5/9
  1085 | D:2      | Reached skill level 5 in Ice Magic
  1425 | D:2      | Found a stormy altar of Qazlal.
  1453 | D:2      | Reached XP level 4. HP: 24/24 MP: 1/10
  1471 | D:2      | Learned a level 4 spell: Throw Icicle
  1725 | D:3      | Noticed a sky beast
  2258 | D:3      | Killed a sky beast
  2258 | D:3      | Reached skill level 6 in Ice Magic
  2258 | D:3      | Reached XP level 5. HP: 20/28 MP: 3/11
  2664 | D:3      | Reached skill level 7 in Ice Magic
  2664 | D:3      | Noticed Robin
  2688 | D:3      | Killed Robin
  3099 | D:4      | Noticed a slave
  3100 | D:4      | Noticed a slave
  3110 | D:4      | Reached skill level 2 in Conjurations
  3149 | D:3      | Learned a level 3 spell: Ozocubu's Armour
  3171 | D:4      | Reached XP level 6. HP: 14/32 MP: 6/12
  3174 | D:4      | Reached skill level 3 in Conjurations
  3191 | D:4      | Noticed a slave
  3191 | D:4      | Noticed a slave
  3192 | D:4      | Noticed Pikel
  3445 | D:3      | Killed Pikel
  3445 | D:3      | Reached skill level 6 in Conjurations
  3445 | D:3      | Reached XP level 7. HP: 8/36 MP: 0/13
  3724 | D:4      | Reached skill level 7 in Conjurations
  3782 | D:4      | Found a shadowy altar of Dithmenos.
  3791 | D:4      | Found a shattered altar of Ashenzari.
  3792 | D:4      | Found a glowing golden altar of the Shining One.
  3793 | D:4      | Found a shimmering altar of Xom.
  3898 | D:4      | Found an opulent altar of Gozag.
  3899 | D:4      | Found a glowing silver altar of Zin.
  4136 | D:5      | Entered Level 5 of the Dungeon
  4223 | D:5      | Reached skill level 4 in Spellcasting
  4621 | D:5      | Noticed Grinder
  4633 | D:4      | Reached skill level 5 in Spellcasting
  4713 | D:5      | Paralysed by Grinder for 3 turns
  4727 | D:5      | Paralysed by Grinder for 2 turns
  4734 | D:5      | Paralysed by Grinder for 6 turns
  4743 | D:5      | Killed Grinder
  4743 | D:5      | Reached skill level 6 in Spellcasting
  4743 | D:5      | Reached XP level 8. HP: 41/41 MP: 0/20
  4865 | D:5      | Learned a level 4 spell: Summon Ice Beast
  4868 | D:5      | Learned a level 2 spell: Blink
  4872 | D:5      | Learned a level 3 spell: Teleport Other
  4994 | D:5      | Found Deitoh's Antique Weapon Emporium.
  5438 | D:6      | Reached skill level 7 in Spellcasting
  5957 | D:6      | Reached skill level 8 in Spellcasting
  6023 | D:6      | Reached skill level 1 in Translocations
  6081 | D:6      | Found a staircase to the Ecumenical Temple.
  6110 | D:6      | Reached skill level 2 in Translocations
  6137 | Temple   | Entered the Ecumenical Temple
  6143 | Temple   | Became a worshipper of Vehumet
  6185 | D:6      | Reached skill level 3 in Translocations
  6997 | D:6      | Found a burning altar of Makhleb.
  7007 | D:6      | Reached skill level 4 in Translocations
  7198 | D:7      | Noticed a hippogriff
  7207 | D:7      | Killed a hippogriff
  7207 | D:7      | Reached skill level 5 in Translocations
  7338 | D:7      | Reached skill level 6 in Translocations
  7338 | D:7      | Reached XP level 9. HP: 45/45 MP: 16/23
  7453 | D:7      | Noticed Duvessa
  7454 | D:7      | Noticed Dowan
  7458 | D:7      | Killed Duvessa
  7466 | D:7      | Killed Dowan
  7591 | D:7      | Reached skill level 8 in Conjurations
  7600 | D:7      | Slain by a hog

Vanquished Creatures
  Pikel (D:3)
  Grinder (D:5)
  A hippogriff (D:7)
  A human (D:7)
  A hog (D:7)
  Duvessa (D:7)
  A necrophage (D:6)
  A sky beast (D:3)
  3 ogres
  2 centaurs
  A bullfrog (D:6)
  Dowan (D:7)
  2 howler monkeys
  A centaur skeleton (D:6)
  An orc wizard (D:4)
  An orc priest (D:7)
  A bullfrog skeleton (D:4)
  A hound (D:6)
  2 iguanas (D:7)
  4 worker ants
  A hound skeleton (D:6)
  A worker ant zombie (D:5)
  Robin (D:3)
  2 howler monkey skeletons
  11 adders
  A shadow imp (D:7)
  2 oozes
  An adder skeleton (D:6)
  A worm (D:2)
  4 dart slugs
  2 leopard geckos
  13 orcs
  9 giant cockroaches
  14 goblins
  8 hobgoblins
  8 jackals
  8 kobolds
  A quokka (D:2)
  5 bats
  4 frilled lizards
  A quokka zombie (D:5)
  6 rats
132 creatures vanquished.

Vanquished Creatures (others)
  An orc wizard (D:4)
  An adder (D:4)
  An adder skeleton (D:4)
3 creatures vanquished.

Grand Total: 135 creatures vanquished
